 Dungeon Crawl Stone Soup version 0.29-a0-824-gd827844252 (webtiles) character file.

Game seed: 10761523861313034261

38 Spectrina the Cudgeller (level 3, -1/29 HPs)
             Began as a Human Monk on July 11, 2022.
             Was a Believer of Nemelex Xobeh.
             Shot with a sling bullet by a goblin (2 damage)
             ... on level 2 of the Dungeon.
             The game lasted 00:06:20 (852 turns).

Spectrina the Cudgeller (Human Monk)                 Turns: 852, Time: 00:06:21

Health: -1/29      AC:  2    Str: 13    XL:     3   Next: 65%
Magic:  3/3        EV: 13    Int: 10    God:    Nemelex Xobeh [**....]
Gold:   128        SH:  0    Dex: 15    Spells: 2/2 levels left

rFire   . . .      SeeInvis .   b - +0 sling
rCold   . . .      Faith    .   (no shield)
rNeg    . . .      Spirit   .   e - +0 robe
rPois   .          Reflect  .   (no helmet)
rElec   .          Harm     .   (no cloak)
rCorr   .          Rampage  .   (no gloves)
Will    .....                   (no boots)
Stlth   ++........              d - amulet of the acrobat
HPRegen 0.09/turn               (no ring)
MPRegen 0.08/turn               (no ring)

@: no status effects
A: no striking features
a: Renounce Religion, Draw Escape, Draw Destruction, Draw Summoning


You were on level 2 of the Dungeon.
You worshipped Nemelex Xobeh.
Nemelex Xobeh was pleased with you.
You visited 1 branch of the dungeon, and saw 2 of its levels.

You collected 128 gold pieces.

Inventory:

Hand Weapons
 a - a +0 mace
 b - a +0 sling (weapon)
Armour
 e - a +0 robe (worn)
Jewellery
 d - an amulet of the acrobat (around neck)
Scrolls
 f - a scroll of teleportation {unknown}
Potions
 c - a potion of heal wounds {unknown}
 g - a potion of berserk rage {unknown}


   Skills:
 + Level 3.4 Fighting
 + Level 3.5 Maces & Flails
 - Level 3.0 Dodging
 + Level 2.7 Stealth
 + Level 0.0 Invocations


You had 2 spell levels left.
You didn't know any spells.
Your spell library was empty.

Dungeon Overview and Level Annotations

Branches:
Dungeon (2/15)

Altars:
Ashenzari
Nemelex Xobeh

Shops:
D:1 (


Message History

Fire: b) +0 sling
Press: ? - help, Q - select action, (/) - cycle Shift-Dir - straight line, f/p - goblin
Aim: a goblin, wielding a +0 sling and wearing a +0 leather armour (47% to hit)
You shoot a sling bullet. The sling bullet misses the goblin.
The goblin shoots a sling bullet.
The sling bullet hits you.
Fire: b) +0 sling
Press: ? - help, Q - select action, (/) - cycle Shift-Dir - straight line, f/p - goblin
Aim: a goblin, wielding a +0 sling and wearing a +0 leather armour (47% to hit)
You shoot a sling bullet.
The sling bullet barely misses the goblin.
The goblin shoots a sling bullet.
The sling bullet misses you.
Fire: b) +0 sling
Press: ? - help, Q - select action, (/) - cycle Shift-Dir - straight line, f/p - goblin
Aim: a goblin, wielding a +0 sling and wearing a +0 leather armour (47% to hit)
You shoot a sling bullet.
The sling bullet barely misses the goblin.
The goblin shoots a sling bullet.
The sling bullet hits you.
Fire: b) +0 sling
Press: ? - help, Q - select action, (/) - cycle Shift-Dir - straight line, f/p - goblin
Aim: a goblin, wielding a +0 sling and wearing a +0 leather armour (47% to hit)
You shoot a sling bullet.
The sling bullet completely misses the goblin.
The goblin shoots a sling bullet.
The sling bullet hits you.
* * * LOW HITPOINT WARNING * * *
The goblin shoots a sling bullet.
The sling bullet barely misses you.
Fire: b) +0 sling
Press: ? - help, Q - select action, (/) - cycle Shift-Dir - straight line, f/p - goblin
Aim: a goblin, wielding a +0 sling and wearing a +0 leather armour (47% to hit)
You shoot a sling bullet. The sling bullet hits the goblin.
The goblin is moderately wounded.
The goblin shoots a sling bullet.
The sling bullet hits you.
* * * LOW HITPOINT WARNING * * *
Fire: b) +0 sling
Press: ? - help, Q - select action, (/) - cycle Shift-Dir - straight line, f/p - goblin
Aim: a goblin, wielding a +0 sling and wearing a +0 leather armour (moderately wounded, 47% to hit)
You shoot a sling bullet.
The sling bullet closely misses the goblin.
The goblin shoots a sling bullet.
The sling bullet hits you.
You die...
Your body disappears without a glow.

#...# #...# # #...## #.
#.... #.. #...# #...##...#
#........## #...##@.g.#
#...##..#.....
#####..###.## ##.
#...........###
#.≈≈≈≈P⌠≈P....# #
#.⌠P.....⌠....##.## #.
#.≈P####..........######.#
##.≈..._#.≈..#>###.........
#..≈.####.≈................


You could see a goblin.

Vanquished Creatures
  A worm (D:2)
  5 bats
  An endoplasm (D:1)
  2 giant cockroaches (D:1)
  8 goblins (D:1)
  3 hobgoblins
  6 kobolds
  A quokka (D:1)
  4 ball pythons
  2 frilled lizards (D:2)
33 creatures vanquished.

Vanquished Creatures (others)
  A fungus (D:2)
1 creature vanquished.

Grand Total: 34 creatures vanquished

Notes
Turn   | Place    | Note
-------+----------+-------------------------------------------
     0 | D:1      | Spectrina the Human Monk began the quest for the Orb.
     0 | D:1      | Reached XP level 1. HP: 18/18 MP: 1/1
    73 | D:1      | Found Korgheick's Antique Weapon Shoppe.
   210 | D:1      | Reached XP level 2. HP: 9/24 MP: 2/2
   398 | D:1      | Reached XP level 3. HP: 9/29 MP: 3/3
   510 | D:2      | Found a broken altar of Ashenzari.
   814 | D:2      | Found a faded altar of an unknown god.
   821 | D:2      | Prayed at the altar of an unknown god.
   821 | D:2      | Became a worshipper of Nemelex Xobeh the Trickster
   821 | D:2      | Reached * piety under Nemelex Xobeh
   821 | D:2      | Received a gift from Nemelex Xobeh
   821 | D:2      | Reached ** piety under Nemelex Xobeh
   821 | D:2      | Received a gift from Nemelex Xobeh
   851 | D:2      | HP: 1/29 [goblin/sling bullet (2)]
   852 | D:2      | Shot with a sling bullet by a goblin

Illustrated notes

Levels and vault maps discovered:
D:1:      dpeg_arrival_simpleton_c, layout_rooms, serial_shops,
          nicolae_shop_trees, hangedman_decor_push
D:2:      layout_rooms, shapermc_ecumenical_altar_acropolis, basic_altar,
          minmay_quadrilaterals

Action                   || total
-------------------------++-------
Melee: Mace              ||    99
       Punch             ||     1
 Fire: Sling             ||    18
Throw: Dart              ||    12
  Use: Potion            ||     1
 Stab: Sleeping          ||     2
Armor: Robe              ||    14
Dodge: Dodged            ||    79

Table legend: (Time is in decaauts)
 A = Elapsed time spent in this place.
 B = Non-inter-level travel time spent in this place.
 C = Inter-level travel time spent in this place.
 D = Time resting spent in this place.
 E = Time spent auto-exploring this place.
 F = Levels seen in this place.
 G = Mean time per level.
                   A        B        C        D        E       F      G
               +--------+--------+--------+--------+--------+-----+--------+
         Total |    879 |    841 |     38 |      0 |      0 |   2 |  439.5 |
       Dungeon |    879 |    841 |     38 |      0 |      0 |   2 |  439.5 |
               +--------+--------+--------+--------+--------+-----+--------+

Top non-repeatable levels by time:
     D:1: 720 daAuts
     D:2: 159 daAuts
